SNL (28 & UNDER)
BEAUMONT ROUGHNECKS @ MONTGOMERY BISCUITS
07/23/2029
 
TOP OF THE 1ST
Beaumont Roughnecks batting - Pitching for Montgomery Biscuits : RHP Steven Browne
Pitching: RHP Steven Browne
Batting: RHB John James 0-0: Ball
1-0: Swinging Strike
1-1: SINGLE (Groundball, 34D)
Batting: RHB Darwin Crane 0-0: Ground out 6-3 (Groundball, 6S)
John James to second
Batting: RHB Roger Rush 0-0: Called Strike
0-1: Ball
1-1: Ball
2-1: Fly out, F9 (Flyball, 9LSF)
Batting: RHB Si-xun Li 0-0: Ball
1-0: Foul Ball, location: 2F
1-1: Called Strike
1-2: Strikes out swinging
Top of the 1st over - 0 runs, 1 hit, 0 errors, 1 left on base; Beaumont 0 - Montgomery 0
BOTTOM OF THE 1ST
Montgomery Biscuits batting - Pitching for Beaumont Roughnecks : RHP Gustavo Rodríguez
Pitching: RHP Gustavo Rodríguez
Batting: RHB Frederick Curtis 0-0: Fly out, F3 (Flyball, 3D)
Batting: RHB Reinaldo Amarante 0-0: Called Strike
0-1: Swinging Strike
0-2: Ground out 4-3 (Groundball, 4)
Batting: SHB Randy Anderson 0-0: Ball
1-0: Ball
2-0: Called Strike
2-1: Ball
3-1: Base on Balls
Batting: RHB Lorenzo Tamayo 0-0: Ball
Randy Anderson is caught stealing 2nd base
Bottom of the 1st over - 0 runs, 0 hits, 0 errors, 0 left on base; Beaumont 0 - Montgomery 0
TOP OF THE 2ND
Beaumont Roughnecks batting - Pitching for Montgomery Biscuits : RHP Steven Browne
Batting: LHB Enrique Cruz 0-0: Ball
1-0: Called Strike
1-1: Ball
2-1: Foul Ball, location: 2F
2-2: Foul Ball, location: 2F
2-2: Fly out, F1 (Line Drive, 15)
Batting: SHB Walton Locke 0-0: Called Strike
0-1: Ground out 3-1 (Groundball, 34S)
Batting: RHB António Aguilar 0-0: Swinging Strike
0-1: Ball
1-1: SOLO HOME RUN (Flyball, 7LD), Distance : 350 ft
Batting: RHB Jeff Mason 0-0: Ball
1-0: Ball
2-0: Ball
3-0: Called Strike
3-1: Base on Balls
Batting: RHB Miguel Costa 0-0: Called Strike
0-1: Ball
1-1: SINGLE (Line Drive, 7S)
Jeff Mason to second
Batting: RHB John James 0-0: Ball
1-0: Called Strike
1-1: Foul Ball, location: 2F
1-2: Ground out 1-3 (Groundball, 13S)
Top of the 2nd over - 1 run, 2 hits, 0 errors, 2 left on base; Beaumont 1 - Montgomery 0
BOTTOM OF THE 2ND
Montgomery Biscuits batting - Pitching for Beaumont Roughnecks : RHP Gustavo Rodríguez
Batting: RHB Lorenzo Tamayo 0-0: Ball
1-0: Foul Ball, location: 2F
1-1: Ball
2-1: Foul Ball, location: 2F
2-2: Ball
3-2: Foul Ball, location: 2F
3-2: Foul Ball, location: 2F
3-2: Base on Balls
Batting: SHB Marvin López 0-0: Grounds into double play, 1-6-3 (Groundball, P)
Batting: RHB Bob McDonald 0-0: Foul Ball, location: 2F
0-1: Ball
1-1: Foul Ball, location: 2F
1-2: Ball
2-2: Strikes out swinging
Bottom of the 2nd over - 0 runs, 0 hits, 0 errors, 0 left on base; Beaumont 1 - Montgomery 0
TOP OF THE 3RD
Beaumont Roughnecks batting - Pitching for Montgomery Biscuits : RHP Steven Browne
Batting: RHB Darwin Crane 0-0: Foul Ball, location: 2F
0-1: Ball
1-1: Ball
2-1: SINGLE (Line Drive, 89S)
Batting: RHB Roger Rush 0-0: Ball
1-0: Ball
2-0: Foul Ball, location: 2F
2-1: Ball
3-1: Base on Balls
Darwin Crane to second
Batting: RHB Si-xun Li 0-0: SINGLE (Groundball, 56D)
Darwin Crane to third
Roger Rush to second
Runner from 3rd tries for Home, SAFE, throw made home
Batting: LHB Enrique Cruz 0-0: Ball
1-0: Ball
2-0: Ball
3-0: Base on Balls
Roger Rush to third
Si-xun Li to second
Batting: SHB Walton Locke 0-0: SINGLE (Line Drive, 89S)
Roger Rush scores
Si-xun Li to third
Enrique Cruz to second
Runner from 3rd tries for Home, SAFE, no throw
Batting: RHB António Aguilar 0-0: Called Strike
0-1: Ball
1-1: Fly out, F7 (Flyball, 7LS)
Batting: RHB Jeff Mason 0-0: Ball
1-0: Called Strike
1-1: Ball
2-1: Foul Ball, location: 2F
2-2: Ball
3-2: Foul Ball, location: 2F
3-2: Base on Balls
Enrique Cruz to third
Walton Locke to second
Batting: RHB Miguel Costa 0-0: Called Strike
0-1: Ball
1-1: Swinging Strike
1-2: Strikes out swinging
Batting: RHB John James 0-0: Ball
1-0: Foul Ball, location: 2F
1-1: Ball
2-1: Fly out, F4 (Popup, 4MD)
Top of the 3rd over - 3 runs, 3 hits, 0 errors, 3 left on base; Beaumont 4 - Montgomery 0
BOTTOM OF THE 3RD
Montgomery Biscuits batting - Pitching for Beaumont Roughnecks : RHP Gustavo Rodríguez
Batting: SHB Pancho Ruíz 0-0: Ball
1-0: Ball
2-0: Ball
3-0: Called Strike
3-1: Ground out U3 (Groundball, 3L)
Batting: SHB Lawrence Farley 0-0: Called Strike
0-1: Called Strike
0-2: Ball
1-2: Ball
2-2: Ball
3-2: Foul Ball, location: 2F
3-2: Base on Balls
Batting: SHB Joe Pierce 0-0: Called Strike
0-1: Ball
1-1: Called Strike
1-2: Ball
2-2: Ball
3-2: Strikes out swinging
Batting: RHB Frederick Curtis 0-0: Ball
1-0: Fielders Choice at 2nd, 6-4 (Groundball, 56)
Bottom of the 3rd over - 0 runs, 0 hits, 0 errors, 1 left on base; Beaumont 4 - Montgomery 0
TOP OF THE 4TH
Beaumont Roughnecks batting - Pitching for Montgomery Biscuits : RHP Steven Browne
Batting: RHB Darwin Crane 0-0: Called Strike
0-1: Ball
1-1: Foul Ball, location: 2F
1-2: SINGLE (Groundball, 34D)
Batting: RHB Roger Rush 0-0: Fly out, F8 (Flyball, 8RXD)
Batting: RHB Si-xun Li 0-0: Ball
1-0: Swinging Strike
1-1: Ball
2-1: Swinging Strike
2-2: Foul Ball, location: 2F
2-2: Foul Ball, location: 2F
2-2: Strikes out looking
Batting: LHB Enrique Cruz 0-0: Foul Ball, location: 2F
0-1: 2-RUN HOME RUN (Flyball, 7D), Distance : 361 ft
Batting: SHB Walton Locke 0-0: SINGLE (Line Drive, 8RS)
Batting: RHB António Aguilar 0-0: Called Strike
0-1: Swinging Strike
0-2: 2-RUN HOME RUN (Flyball, 9LD), Distance : 366 ft
Batting: RHB Jeff Mason 0-0: Foul Ball, location: 2F
0-1: Swinging Strike
0-2: Strikes out swinging
Top of the 4th over - 4 runs, 4 hits, 0 errors, 0 left on base; Beaumont 8 - Montgomery 0
BOTTOM OF THE 4TH
Montgomery Biscuits batting - Pitching for Beaumont Roughnecks : RHP Gustavo Rodríguez
Batting: RHB Reinaldo Amarante 0-0: SOLO HOME RUN (Flyball, 7LD), Distance : 338 ft
Batting: SHB Randy Anderson 0-0: Ball
1-0: Ball
2-0: Called Strike
2-1: Ball
3-1: Fly out, F7 (Flyball, 7LS)
Batting: RHB Lorenzo Tamayo 0-0: Ball
1-0: Foul Ball, location: 2F
1-1: Foul Ball, location: 2F
1-2: Ball
2-2: Foul Ball, location: 2F
2-2: Ball
3-2: Fly out, F6 (Popup, 6MS)
Batting: SHB Marvin López 0-0: Called Strike
0-1: Ground out 5-3 (Groundball, 56)
Bottom of the 4th over - 1 run, 1 hit, 0 errors, 0 left on base; Beaumont 8 - Montgomery 1
TOP OF THE 5TH
Beaumont Roughnecks batting - Pitching for Montgomery Biscuits : RHP Steven Browne
Batting: RHB Miguel Costa 0-0: Fly out, F7 (Line Drive, 7)
Batting: RHB John James 0-0: Ball
1-0: Ball
2-0: Foul Ball, location: 2F
2-1: Foul Ball, location: 2F
2-2: Strikes out looking
Batting: RHB Darwin Crane 0-0: Swinging Strike
0-1: Ground out 6-3 (Groundball, 56)
Top of the 5th over - 0 runs, 0 hits, 0 errors, 0 left on base; Beaumont 8 - Montgomery 1
BOTTOM OF THE 5TH
Montgomery Biscuits batting - Pitching for Beaumont Roughnecks : RHP Gustavo Rodríguez
Batting: RHB Bob McDonald 0-0: Fly out, F8 (Flyball, 89M)
Batting: SHB Pancho Ruíz 0-0: Ball
1-0: Ground out 5-3 (Groundball, 5)
Batting: SHB Lawrence Farley 0-0: Ball
1-0: Ball
2-0: Ball
3-0: Base on Balls
Pitching: RHP Mike Marks
Batting: SHB Joe Pierce 0-0: Ball
1-0: Ball
2-0: Ground out U3 (Groundball, 34)
Bottom of the 5th over - 0 runs, 0 hits, 0 errors, 1 left on base; Beaumont 8 - Montgomery 1
TOP OF THE 6TH
Beaumont Roughnecks batting - Pitching for Montgomery Biscuits : RHP Steven Browne
Batting: RHB Roger Rush 0-0: Ball
1-0: Fly out, F5 (Line Drive, 5)
Batting: RHB Si-xun Li 0-0: Ball
1-0: Ball
2-0: Ground out 6-3 (Groundball, 6)
Batting: LHB Enrique Cruz 0-0: Fly out, F8 (Flyball, 8LD)
Top of the 6th over - 0 runs, 0 hits, 0 errors, 0 left on base; Beaumont 8 - Montgomery 1
BOTTOM OF THE 6TH
Montgomery Biscuits batting - Pitching for Beaumont Roughnecks : RHP Mike Marks
Batting: RHB Frederick Curtis 0-0: Swinging Strike
0-1: Ball
1-1: Swinging Strike
1-2: Strikes out swinging
Batting: RHB Reinaldo Amarante 0-0: Ball
1-0: Ball
2-0: Called Strike
2-1: Swinging Strike
2-2: Strikes out swinging
Batting: SHB Randy Anderson 0-0: Called Strike
0-1: Foul Ball, location: 2F
0-2: Ball
1-2: SINGLE (Line Drive, 78S)
Batting: RHB Lorenzo Tamayo 0-0: Called Strike
0-1: Ball
1-1: Ball
2-1: Called Strike
2-2: Fielders Choice at 2nd, 5-4 (Groundball, 56)
Bottom of the 6th over - 0 runs, 1 hit, 0 errors, 1 left on base; Beaumont 8 - Montgomery 1
TOP OF THE 7TH
Beaumont Roughnecks batting - Pitching for Montgomery Biscuits : RHP Steven Browne
Batting: SHB Walton Locke 0-0: Ball
1-0: SINGLE (Line Drive, 89S)
Batting: RHB António Aguilar 0-0: Ball
1-0: Ball
2-0: Fielders Choice at 2nd, 3-6 (Groundball, 34)
Batting: RHB Jeff Mason 0-0: Foul Ball, location: 2F
0-1: Ball
1-1: Swinging Strike
1-2: Ball
2-2: Grounds into double play, 4-6-3 (Groundball, 4)
Top of the 7th over - 0 runs, 1 hit, 0 errors, 0 left on base; Beaumont 8 - Montgomery 1
BOTTOM OF THE 7TH
Montgomery Biscuits batting - Pitching for Beaumont Roughnecks : RHP Mike Marks
Batting: SHB Marvin López 0-0: Ball
1-0: Swinging Strike
1-1: Ball
2-1: Swinging Strike
2-2: Strikes out swinging
Batting: RHB Bob McDonald 0-0: Ball
1-0: Ball
2-0: Called Strike
2-1: Fly out, F8 (Flyball, 8RD)
Batting: SHB Pancho Ruíz 0-0: Swinging Strike
0-1: Ball
1-1: Ball
2-1: Swinging Strike
2-2: Strikes out looking
Bottom of the 7th over - 0 runs, 0 hits, 0 errors, 0 left on base; Beaumont 8 - Montgomery 1
TOP OF THE 8TH
Beaumont Roughnecks batting - Pitching for Montgomery Biscuits : RHP Steven Browne
Pitching: RHP Enrique Boyd
Batting: RHB Miguel Costa 0-0: Foul Ball, location: 2F
0-1: Ball
1-1: Swinging Strike
1-2: Ball
2-2: Foul Ball, location: 2F
2-2: Foul Ball, location: 2F
2-2: Strikes out looking
Batting: RHB John James 0-0: Ball
1-0: Called Strike
1-1: Foul Ball, location: 2F
1-2: Foul Ball, location: 2F
1-2: Strikes out looking
Batting: RHB Darwin Crane 0-0: Fly out, F3 (Line Drive, 3)
Top of the 8th over - 0 runs, 0 hits, 0 errors, 0 left on base; Beaumont 8 - Montgomery 1
BOTTOM OF THE 8TH
Montgomery Biscuits batting - Pitching for Beaumont Roughnecks : RHP Mike Marks
Batting: SHB Lawrence Farley 0-0: Ball
1-0: Ball
2-0: Ground out 6-3 (Groundball, 6)
Batting: SHB Joe Pierce 0-0: Ball
1-0: Called Strike
1-1: Foul Ball, location: 2F
1-2: Ball
2-2: Fly out, F7 (Flyball, 7S)
Batting: RHB Frederick Curtis 0-0: Ball
1-0: Ball
2-0: Called Strike
2-1: Foul Ball, location: 2F
2-2: Ball
3-2: Foul Ball, location: 2F
3-2: Foul Ball, location: 2F
3-2: Foul Ball, location: 2F
3-2: Fly out, F9 (Flyball, 89M)
Bottom of the 8th over - 0 runs, 0 hits, 0 errors, 0 left on base; Beaumont 8 - Montgomery 1
TOP OF THE 9TH
Beaumont Roughnecks batting - Pitching for Montgomery Biscuits : RHP Enrique Boyd
Batting: RHB Roger Rush 0-0: Called Strike
0-1: Foul Ball, location: 2F
0-2: Ground out 3-1 (Groundball, 34)
Batting: RHB Si-xun Li 0-0: Ball
1-0: Called Strike
1-1: Ball
2-1: Swinging Strike
2-2: Ball
3-2: Strikes out swinging
Batting: LHB Enrique Cruz 0-0: Swinging Strike
0-1: Called Strike
0-2: SINGLE (Line Drive, 34D)
Batting: SHB Walton Locke 0-0: Ball
1-0: Ball
2-0: Foul Ball, location: 2F
2-1: Ball
3-1: Base on Balls
Enrique Cruz to second
Batting: RHB António Aguilar 0-0: Ball
1-0: Ball
2-0: Ball
Wild Pitch!
Enrique Cruz to third
Walton Locke to second
3-0: Base on Balls
Batting: RHB Jeff Mason 0-0: Ball
1-0: Ball
2-0: Fly out, F4 (Line Drive, 4)
Top of the 9th over - 0 runs, 1 hit, 0 errors, 3 left on base; Beaumont 8 - Montgomery 1
BOTTOM OF THE 9TH
Montgomery Biscuits batting - Pitching for Beaumont Roughnecks : RHP Mike Marks
Batting: RHB Reinaldo Amarante 0-0: Ball
1-0: Fly out, F7 (Flyball, 7)
Batting: SHB Randy Anderson 0-0: Ball
1-0: Ball
2-0: Called Strike
2-1: SOLO HOME RUN (Line Drive, 9D), Distance : 394 ft
Batting: RHB Lorenzo Tamayo 0-0: Ball
1-0: Ball
2-0: Foul Ball, location: 2F
2-1: Foul Ball, location: 2F
2-2: Foul Ball, location: 2F
2-2: Ball
3-2: Reached on error, E6 (Groundball, 6S)
Batting: SHB Marvin López 0-0: Ball
1-0: Called Strike
1-1: Foul Ball, location: 2F
1-2: Ball
2-2: SINGLE (Line Drive, 9S)
Lorenzo Tamayo to second
Batting: RHB Bob McDonald 0-0: Swinging Strike
0-1: Ball
1-1: SINGLE (Line Drive, 78M)
Lorenzo Tamayo to third
Marvin López to second
Batting: SHB Pancho Ruíz 0-0: Ball
1-0: Swinging Strike
1-1: Grounds into double play, 4-6-3 (Groundball, 4)
Bottom of the 9th over - 1 run, 3 hits, 1 error, 2 left on base; Beaumont 8 - Montgomery 2
Saturday, December 16th, 2017 - OOTP Baseball 18.8 Build 76